 Dungeon Crawl Stone Soup version 0.22-a0-247-gbddf880 (webtiles) character file.

339 Amnesiac the Ducker (level 6, -2/32 HPs)
             Began as a Spriggan Fighter on Feb 26, 2018.
             Was an Initiate of Gozag.
             Slain by a wight
             ... wielding a +4 spear
              (3 damage)
             ... on level 4 of the Dungeon.
             The game lasted 00:11:13 (4932 turns).

Amnesiac the Ducker (Spriggan Fighter)              Turns: 4932, Time: 00:11:14

Health: -2/32      AC:  2    Str: 14    XL:     6   Next: 29%
Magic:  7/7        EV: 20    Int:  9    God:    Gozag
Gold:   412        SH:  6    Dex: 16    Spells: 5/5 levels left

rFire    . . .     SeeInvis +   b - +2 dagger (speed)
rCold    . . .     Gourm    .   c - +0 buckler
rNeg     . . .     Faith    .   y - +0 robe
rPois    .         Spirit   .   (helmet restricted)
rElec    .         Reflect  .   (no cloak)
rCorr    .         Harm     .   (gloves unavailable)
MR       +....                  (boots unavailable)
Stlth    ++........             (no amulet)
HPRegen  0.10/turn              (no ring)
MPRegen  0.10/turn              (no ring)

@: drained, very quick
A: very small, unfitting armour, see invisible, herbivore, speed 3, slow
metabolism 2
a: Potion Petition, Call Merchant, Bribe Branch, Renounce Religion


You were on level 4 of the Dungeon.
You worshipped Gozag.
Gozag was aware of your devotion.
You were not hungry.

You visited 2 branches of the dungeon, and saw 6 of its levels.

You collected 672 gold pieces.
You spent 168 gold pieces at shops.
You paid 92 gold pieces to Gozag.

Inventory:

Hand Weapons
 a - a +2 dagger of venom
 b - a +2 dagger of speed (weapon)
Missiles
 j - 14 poisoned needles
 k - 69 sling bullets
 p - 223 stones (quivered)
Armour
 c - a +0 buckler (worn)
 y - a +0 robe (worn)
Scrolls
 d - a scroll of enchant armour {!r, unknown}
 h - 5 scrolls of teleportation {!r, unknown}
 l - a scroll of enchant weapon {!r, unknown}
 m - 6 scrolls of fear {!r}
 o - 5 scrolls of identify {!r}
 q - a scroll of blinking {!r, unknown}
 s - a scroll of magic mapping {!r, unknown}
 t - 4 scrolls of remove curse {!r, unknown}
 w - a scroll of noise {!r, unknown}
Potions
 e - a potion of brilliance {!q}
 g - 2 potions of might {!q}
 i - 2 potions of curing {!q}
 n - a potion of flight {!q, unknown}
 r - 2 potions of lignification {!q}
 u - 2 potions of agility {!q}
 v - a potion of ambrosia {!q, unknown}
 x - a potion of heal wounds {!q}
Comestibles
 f - 6 rations


   Skills:
 - Level 3.4(2.4) Fighting
 * Level 2.6(1.6) Short Blades
 - Level 6.1(5.1) Dodging
 + Level 2.6(1.6) Stealth
 - Level 3.8(2.8) Shields


You had 5 spell levels left.
You didn't know any spells.

Dungeon Overview and Level Annotations

Branches:
Dungeon (5/15)             Temple (1/1) D:5

Altars:
Ashenzari
Cheibriados
Dithmenos
Elyvilon
Fedhas
Gozag
Hepliaklqana
Kikubaaqudgha
Makhleb
Nemelex Xobeh
Qazlal
Ru
Sif Muna
Trog
Vehumet
Wu Jian
Xom
Yredelemnul
Zin
The Shining One

Shops:
D:4 !

Annotations:
D:4 Amnesiac's ghost, weakling SpWr
D:5 exclusion: adder, Prince Ribbit


Innate Abilities, Weirdness & Mutations

You are very small and have problems with some larger weapons.
You are too small for most types of armour.
You have supernaturally acute eyesight. (SInv)
You are a herbivore.
You cover ground extremely quickly.
You need consume almost no food.


Message History

You swing at nothing.
You now have 578 gold pieces (gained 6).
Things that are here:
a falchion; a robe HP restored.
There is a stone staircase leading down here.
There is a stone staircase leading down here.
You climb downwards.
Level annotation: Amnesiac's ghost, weakling SpWr
There is a stone staircase leading up here.
There is an entrance to Gorashryboi's Distillery here.
x - a potion of heal wounds {!q}
u - 2 potions of agility {!q} (gained 1)
r - 2 potions of lignification {!q} (gained 1) Thank you for shopping at Gorashryboi's Distillery!
o - 5 scrolls of identify {!r} (gained 1)
m - 6 scrolls of fear {!r} (gained 1)
f - 6 rations (gained 1) HP restored.
Key pressed, stopping explore.
You now have 412 gold pieces (gained 2).
The wight is too close now for your liking.
Search for what [Enter for "sli", or ? for help]? pot A wight is nearby!
You swing at nothing.
You swing at nothing.
You hit the wight.
The wight is lightly damaged.
You hit the wight but do no damage.
The wight is lightly damaged.
The wight completely misses you.
You hit the wight but do no damage.
The wight is lightly damaged.
You block the wight's attack.
You hit the wight.
The wight is moderately damaged.
You closely miss the wight.
The wight is moderately damaged.
The wight misses you.
You completely miss the wight.
The wight is moderately damaged.
You completely miss the wight.
The wight is moderately damaged.
The wight hits you with an enchanted spear!
You feel drained.
You hit the wight.
The wight is moderately damaged.
You block the wight's attack.
You hit the wight but do no damage.
The wight is moderately damaged.
You barely miss the wight.
The wight is moderately damaged.
The wight hits you with an enchanted spear!
* * * LOW HITPOINT WARNING * * *
You feel drained.
* * * LOW HITPOINT WARNING * * *
You block the wight's attack.
You hit the wight but do no damage.
The wight is moderately damaged.
The wight hits you from afar with an enchanted spear!
* * * LOW HITPOINT WARNING * * *
You feel drained.
You die...
Your body crumbles into a pile of gold.

....#.....#...........#..........
.....................##.....##.#.
...........#......##........##...
............................#####
.................................
...........#............#........
..................##....#........
.##................#....#........
.##.............@................
.##.....................##'##....
..............####z..##..........
..................z..#.......####
......###............#...........
......##.............#...........
.......#.............##..........
.......#)......<.....#####.......
.......#................)..#+####


You could see 2 wights.

Vanquished Creatures
  A wight (D:3)
  A hound (D:4)
  An orc wizard (D:4)
  2 worker ants (D:4)
  6 gnolls
  4 adders
  3 worms (D:2)
  2 dart slugs (D:2)
  A leopard gecko (D:4)
  9 orcs
  2 ball pythons
  6 bats
  5 giant cockroaches
  9 goblins
  6 hobgoblins
  7 jackals
  2 quokkas
  6 frilled lizards
  A jackal skeleton (D:4)
  5 kobolds
  A quokka skeleton (D:4)
  5 rats
85 creatures vanquished.

Notes
Turn   | Place    | Note
-------+----------+-------------------------------------------
     0 | D:1      | Amnesiac the Spriggan Fighter began the quest for the Orb.
     0 | D:1      | Reached XP level 1. HP: 11/11 MP: 2/2
   183 | D:4      | Noticed a worker ant
   186 | D:4      | Noticed a hound
   208 | D:4      | Killed a worker ant
   208 | D:4      | Reached XP level 2. HP: 16/16 MP: 3/3
   211 | D:4      | Reached skill level 5 in Dodging
   211 | D:4      | Reached XP level 3. HP: 15/19 MP: 4/4
   236 | D:4      | Noticed Amnesiac's ghost (weakling SpWr)
   258 | D:4      | Reached XP level 4. HP: 11/24 MP: 5/5
   576 | D:4      | Found Gorashryboi's Distillery.
   803 | D:5      | Entered Level 5 of the Dungeon
   803 | D:5      | Found a shadowy altar of Dithmenos.
   900 | D:5      | Noticed Prince Ribbit
   926 | D:5      | Found a staircase to the Ecumenical Temple.
   933 | Temple   | Entered the Ecumenical Temple
  1379 | Temple   | Became a worshipper of Gozag Ym Sagoz the Greedy
  1587 | D:2      | Reached XP level 5. HP: 23/28 MP: 6/6
  1690 | D:2      | Found a bloodstained altar of Trog.
  3037 | D:1      | Reached skill level 6 in Dodging
  4253 | D:3      | Reached XP level 6. HP: 29/32 MP: 7/7
  4262 | D:3      | Reached skill level 1 in Stealth
  4850 | D:4      | Bought a potion of heal wounds for 70 gold pieces
  4850 | D:4      | Bought a potion of agility for 56 gold pieces
  4850 | D:4      | Bought a potion of lignification for 42 gold pieces
  4932 | D:4      | HP: 1/32 [wight/enchanted spear (13)]
  4932 | D:4      | Slain by a wight

Vault maps used:
D:1:      co_arrival_random_square_maze, minmay_pentomino_v2
D:2:      lemuel_doored_altar
D:3:      first_ration
D:4:      serial_shops, shop
D:5:      nicolae_overflow_crystal_walls, minmay_temple_entry_statues_fountains,
          kennysheep_generic_room_10, uniq_prince_ribbit1
Temple:   dpeg_five_rooms_temple

Skill      XL: |  1  2  3  4  5  6 |
---------------+-------------------+-----
Dodging        | 5 6 |  6.1
Fighting       | 3 |  3.4
Shields        | 3 |  3.8
Stealth        | 2 |  2.6
Short Blades   | |  2.6

Action                   |  1- 3 |  4- 6 || total
-------------------------+-------+-------++-------
Melee: Rapier            |    21 |   310 ||   331
       Dagger            |       |    51 ||    51
  Use: Potion            |     2 |       ||     2
       Scroll            |       |     2 ||     2
 Stab: Sleeping          |       |     4 ||     4
  Eat: Ration            |       |     2 ||     2
Armor: Robe              |     5 |    15 ||    20
Dodge: Dodged            |    14 |   246 ||   260
Block: Buckler           |     8 |   118 ||   126

Table legend:
 A = Spawn XP
 B = Non-spawn XP
 C = Spawn XP percentage of total XP
 D = Spawn monster count
 E = Non-spawn monster count
 F = Spawn count percentage of total count
 G = Total turns spent on level
                    A         B        C        D         E        F      G
               +---------+---------+-------+---------+---------+-------+---------
         Total |       0 |     485 |   0.0 |       0 |      85 |   0.0 |  4932
               +---------+---------+-------+---------+---------+-------+---------
           D:1 |       0 |      60 |   0.0 |       0 |      15 |   0.0 |  1290
           D:2 |       0 |     119 |   0.0 |       0 |      33 |   0.0 |  1197
           D:3 |       0 |     131 |   0.0 |       0 |      25 |   0.0 |  1057
           D:4 |       0 |     174 |   0.0 |       0 |      11 |   0.0 |   715
           D:5 |       0 |       1 |   0.0 |       0 |       1 |   0.0 |   367
               +---------+---------+-------+---------+---------+-------+---------
